 Dungeon Crawl Stone Soup version 0.18.1-48-g4cf74bf (webtiles) character file.

20069 Peloso the Blocker (level 12, -1/108 HPs)
             Began as a Minotaur Fighter on Aug 8, 2016.
             Was the Champion of Okawaru.
             Slain by Rupert
             ... wielding a +2 great mace of draining
              (22 damage)
             ... on level 13 of the Dungeon.
             The game lasted 00:38:04 (12851 turns).

Peloso the Blocker (Minotaur Fighter)              Turns: 12851, Time: 00:38:04

Health: -1/108     AC: 19    Str: 27    XL:     12   Next: 42%
Magic:  10/12      EV: 14    Int: 10    God:    Okawaru [******]
Gold:   708        SH: 15    Dex: 14    Spells: 0 memorised, 11 levels left

rFire  . . .     SeeInvis +     u - +7 long sword of Battle {flame, Int+2 Stlth+}
rCold  . . .     Gourm    .     a - +2 chain mail {rPois}
rNeg   . . .     Faith    .     c - +0 shield
rPois  +         Spirit   .     (helmet restricted)
rElec  .         Dismiss  .     h - +0 cloak
rCorr  .         Reflect  .     H - +0 pair of gloves
SustAt .         Harm     .     i - +0 pair of boots
MR     ++...                    (no amulet)
Stlth  ..........               N - ring of the Mage {Wiz MR++ Int+3}
                                U - ring of see invisible

@: mighty, heroism, heavily drained, very resistant to hostile enchantments,
extremely unstealthy
A: retaliatory headbutt, horns 2
a: Heroism, Finesse, Renounce Religion


You were on level 13 of the Dungeon.
You worshipped Okawaru.
Okawaru was exalted by your worship.
You were not hungry.

You visited 2 branches of the dungeon, and saw 14 of its levels.
You also visited: Ossuary.

You collected 708 gold pieces.

Inventory:

Hand Weapons
 u - the +7 long sword of Battle (weapon) {flame, Int+2 Stlth+}
   (Okawaru gifted it to you on level 12 of the Dungeon)

   It has been specially enchanted to burn those struck by it, causing extra
   injury to most foes and up to half again as much damage against particularly
   susceptible opponents.
   Big, fiery blades are also staple armaments of hydra-hunters.
   It affects your intelligence (+2).
   It makes you more stealthy.
 v - a +3 scimitar
 w - the +12 rapier "Orb Guardian's Death" {elec, *Noise rPois Int+2 Dex+3}
   (You found it on level 12 of the Dungeon)

   Occasionally, upon striking a foe, it will discharge some electrical energy
   and cause terrible harm.
   It affects your intelligence (+2).
   It affects your dexterity (+3).
   It protects you from poison.
   It may make noises in combat.
Armour
 a - a +2 chain mail of poison resistance (worn)
 c - a +0 shield (worn)
 h - a +0 cloak (worn)
 i - a +0 pair of boots (worn)
 H - a +0 pair of gloves (worn)
 O - a +0 plate armour
Jewellery
 t - an uncursed ring of flight
 N - the ring of the Mage (right hand) {Wiz MR++ Int+3}
   (You found it on level 8 of the Dungeon)

   [ring of wizardry]

   It improves your spell success rate.
   It affects your intelligence (+3).
   It affects your resistance to hostile enchantments.
 U - a ring of see invisible (left hand)
 X - a +3 ring of strength
Wands
 k - a wand of lightning (11/15)
 s - a wand of confusion (23/48)
 B - a wand of lightning (6/15)
 M - a wand of lightning (5/15)
 P - a wand of slowing (38/48)
 T - a wand of confusion (30/48)
 Y - a wand of acid (5/15)
Scrolls
 e - a scroll of fear
 g - 6 scrolls of remove curse
 n - 4 scrolls of magic mapping
 y - a scroll of recharging
 K - 2 scrolls of teleportation
 L - 2 scrolls of blinking
Potions
 b - a potion of brilliance
 d - a potion of might
 l - a potion of haste
 m - 4 potions of cancellation
 o - a potion of resistance
 p - a potion of magic
 r - 8 potions of curing
 x - 4 potions of heal wounds
 z - a potion of mutation {unknown}
 E - 2 potions of flight
Comestibles
 f - 7 bread rations
 j - 3 meat rations
 q - 5 beef jerkies
 A - 5 chunks of flesh
 C - 2 slices of pizza
 R - 9 royal jellies
 S - 6 fruits


   Skills:
 + Level 10.6(13.2) Fighting
 + Level 12.5(15.0) Long Blades
 + Level 11.3(13.8) Armour
 + Level 6.3(9.1) Dodging
 + Level 1.0(4.1) Stealth
 + Level 13.7(16.1) Shields
 + Level 1.9(0.2) Invocations
 + Level 0.3(0.0) Evocations


You had 11 spell levels left.
You didn't know any spells.

Dungeon Overview and Level Annotations

Branches:
Dungeon (13/15)            Temple (1/1) D:4            Lair (0/8) D:8
    Orc (0/2) D:10
 Vaults: D:13-14

Altars:
Ashenzari
Cheibriados
Dithmenos
Elyvilon
Fedhas
Gozag
Kikubaaqudgha
Makhleb
Nemelex Xobeh
Okawaru
Pakellas
Qazlal
Ru
Sif Muna
Trog
Vehumet
Xom
Yredelemnul
Zin
The Shining One

Shops:
D:4 *   D:5 =   D:9 !

Portals:
Trove: D:11 (give 2 potions of cure mutation)

Annotations:
D:13 Rupert


Innate Abilities, Weirdness & Mutations

You reflexively headbutt those who attack you in melee.
You have a pair of horns on your head.


Message History

You barely miss Rupert.
Rupert is moderately wounded.
Unknown command.
Drink which item? (? for menu, Esc to quit)
You feel very mighty all of a sudden. Rupert completely misses you.
You block Rupert's attack.
You slice Rupert!! You burn Rupert.
Rupert is heavily wounded.
Unknown command.
You hit Rupert. You burn Rupert.
Rupert is heavily wounded.
Rupert hits you with a great mace of draining!!
* * * LOW HITPOINT WARNING * * *
You feel drained.
* * * LOW HITPOINT WARNING * * *
Unknown command.
You barely miss Rupert. You headbutt Rupert!
Rupert is heavily wounded.
Rupert hits you with a great mace of draining!!
You die...

#.....# # #.....#
####'## #.## #..#
#####'### ##+##
#.......#
......#######.......#
......@@....'.......#
......#######.......#
..... #.......# ####
#########


You could see Rupert (berserk).

Vanquished Creatures
  Nessos (D:12)
  A centaur warrior (D:13)
  Erica (D:11)
  2 unseen horrors
  2 hill giants
  4 ugly things
  2 manticores
  A cyclops (D:12)
  A komodo dragon (D:11)
  Grinder (D:3)
  3 trolls
  8 slime creatures (D:12)
  2 wyverns (D:8)
  10 yaks
  3 hippogriffs
  A water moccasin (D:11)
  A necrophage (D:11)
  5 orc warriors
  3 phantoms
  4 wasps
  3 sky beasts
  5 ice beasts
  2 black bears (D:11)
  5 ogres
  An eye of draining (D:12)
  9 centaurs
  A crocodile (D:7)
  3 big kobolds
  2 wyvern zombies
  An elf zombie (Ossuary)
  12 giant frogs
  5 scorpions
  12 killer bees
  14 wights
  5 crimson imps
  2 giant frog zombies
  3 centaur zombies
  A quasit (D:10)
  A human zombie (Ossuary)
  4 orc priests
  6 hounds
  8 jellies
  3 centaur skeletons
  4 giant frog skeletons
  Jessica (D:3)
  3 iguanas
  9 orc wizards
  8 worker ants
  Terence (D:3)
  4 sheep (D:12)
  3 hound zombies
  3 mummies (Ossuary)
  15 adders
  8 gnolls
  3 river rats (D:8)
  2 shadow imps
  2 adder skeletons
  3 adder zombies (Ossuary)
  5 worms
  A dart slug (D:1)
  4 giant geckos
  35 orcs
  4 ball pythons
  27 bats
  2 giant cockroaches
  4 gnoll zombies (Ossuary)
  9 goblins
  2 hobgoblins
  13 jackals
  4 quokkas
  4 giant newts
  3 goblin zombies (Ossuary)
  5 hobgoblin zombies (Ossuary)
  4 jackal zombies (Ossuary)
  20 kobolds
  2 kobold zombies (Ossuary)
  2 orc zombies (Ossuary)
  A quokka skeleton (D:6)
  4 quokka zombies
  15 rats
  3 rat zombies (Ossuary)
406 creatures vanquished.

Vanquished Creatures (others)
  A hound (D:9)
1 creature vanquished.

Grand Total: 407 creatures vanquished

Notes
Turn   | Place    | Note
--------------------------------------------------------------
     0 | D:1      | Peloso the Minotaur Fighter began the quest for the Orb.
     0 | D:1      | Reached XP level 1. HP: 19/19 MP: 0/0
   103 | D:1      | HP: 1/20 [jackal (1)]
   107 | D:1      | Reached XP level 2. HP: 2/27 MP: 1/1
   659 | D:1      | Reached skill level 4 in Shields
   852 | D:2      | Reached XP level 3. HP: 29/33 MP: 2/2
  1007 | D:2      | Reached XP level 4. HP: 40/40 MP: 3/3
  1167 | D:2      | Found a white marble altar of Elyvilon.
  1258 | D:2      | Found a basalt altar of Yredelemnul.
  1399 | D:3      | Noticed Terence
  1414 | D:3      | Killed Terence
  1414 | D:3      | Reached skill level 1 in Dodging
  1457 | D:3      | Noticed Jessica
  1459 | D:3      | Killed Jessica
  1459 | D:3      | Reached skill level 5 in Shields
  1459 | D:3      | Reached XP level 5. HP: 42/47 MP: 4/4
  1606 | D:3      | Noticed Grinder
  1616 | D:3      | Killed Grinder
  1616 | D:3      | Reached XP level 6. HP: 24/55 MP: 5/5
  1791 | D:3      | Reached skill level 5 in Armour
  1821 | D:3      | Reached skill level 5 in Fighting
  1950 | D:3      | Found a sparkling altar of Nemelex Xobeh.
  2515 | D:4      | Reached XP level 7. HP: 47/61 MP: 6/6
  2518 | D:4      | Reached skill level 6 in Shields
  2953 | D:4      | Found an opulent altar of Gozag.
  2953 | D:4      | Found Gozag's Platinum Reserve.
  2962 | D:4      | Found a radiant altar of Vehumet.
  3093 | D:4      | Found a staircase to the Ecumenical Temple.
  3146 | Temple   | Entered the Ecumenical Temple
  3509 | D:5      | Entered Level 5 of the Dungeon
  3533 | D:5      | Found Liuxt's Jewellery Boutique.
  3605 | D:5      | Found a shattered altar of Ashenzari.
  3628 | D:5      | Reached skill level 5 in Long Blades
  3664 | D:5      | Found an ancient bone altar of Kikubaaqudgha.
  3853 | D:5      | Found a sand-covered staircase.
  3969 | Ossuary  | Entered an ossuary
  4013 | Ossuary  | Reached XP level 8. HP: 67/70 MP: 7/7
  4499 | D:5      | Reached skill level 7 in Shields
  4837 | D:6      | Found an iron altar of Okawaru.
  4841 | D:6      | Became a worshipper of Warmaster Okawaru
  4921 | D:6      | Reached XP level 9. HP: 53/79 MP: 8/8
  4946 | D:6      | Reached skill level 8 in Shields
  5439 | D:6      | Found a burning altar of Makhleb.
  5477 | D:7      | Reached skill level 5 in Dodging
  5655 | D:7      | Got a pair of transparent gloves
  5661 | D:7      | Identified the -3 pair of gloves "Ihim" {rN+++ Slay-5 Stlth+} (You found it on level 7 of the Dungeon)
  5898 | D:7      | Reached * piety under Okawaru
  6350 | D:7      | Noticed a troll
  6357 | D:7      | Killed a troll
  6806 | D:8      | Reached skill level 9 in Shields
  7055 | D:8      | Reached ** piety under Okawaru
  7128 | D:8      | Reached XP level 10. HP: 81/88 MP: 9/9
  7237 | D:8      | Found a staircase to the Lair.
  7240 | D:8      | Reached skill level 10 in Shields
  7561 | D:9      | Found Rudaon Ream's Distillery.
  8118 | D:9      | Reached *** piety under Okawaru
  8419 | D:10     | Entered Level 10 of the Dungeon
  8466 | D:10     | Noticed a hill giant
  8475 | D:10     | Killed a hill giant
  8475 | D:10     | Reached skill level 1 in Invocations
  8565 | D:10     | Reached skill level 11 in Shields
  8632 | D:10     | Found a staircase to the Orcish Mines.
  8993 | D:10     | Reached skill level 1 in Stealth
  9178 | D:10     | Killed an unseen horror
  9178 | D:10     | Reached skill level 10 in Long Blades
  9248 | D:11     | Reached **** piety under Okawaru
  9261 | D:11     | Noticed a hill giant
  9267 | D:11     | Killed a hill giant
  9267 | D:11     | Reached XP level 11. HP: 90/95 MP: 8/11
  9631 | D:11     | Received a gift from Okawaru
  9697 | D:11     | Noticed a cyan ugly thing
  9715 | D:11     | Killed a cyan ugly thing
  9839 | D:11     | Noticed Erica
  9859 | D:11     | Killed Erica
  9859 | D:11     | Reached skill level 10 in Armour
  9980 | D:11     | Reached ***** piety under Okawaru
  9980 | D:11     | Reached skill level 12 in Shields
 10154 | D:11     | Noticed a white ugly thing
 10164 | D:11     | Killed a white ugly thing
 10194 | D:11     | Found a portal to a secret trove of treasure.
 10239 | D:11     | Identified a scroll of acquirement
 10242 | D:11     | Got a dazzling hat
 10248 | D:11     | Identified the -5 hat of Surprise {rN+} (You acquired it on level 11 of the Dungeon)
 10930 | D:12     | Noticed a cyan ugly thing
 10952 | D:12     | Killed a cyan ugly thing
 10957 | D:12     | Reached skill level 10 in Fighting
 11140 | D:12     | Noticed a purple ugly thing
 11397 | D:12     | Killed a purple ugly thing
 11459 | D:12     | Noticed an unseen horror
 11468 | D:12     | Killed an unseen horror
 11473 | D:12     | Reached XP level 12. HP: 34/106 MP: 12/12
 11731 | D:12     | Reached ****** piety under Okawaru
 11963 | D:12     | Reached skill level 13 in Shields
 11992 | D:12     | Got a polished rapier
 11993 | D:12     | Identified the +12 rapier "Orb Guardian's Death" {elec, *Noise rPois Int+2 Dex+3} (You found it on level 12 of the Dungeon)
 12163 | D:12     | Noticed Nessos
 12558 | D:12     | Killed Nessos
 12558 | D:12     | Received a gift from Okawaru
 12562 | D:12     | Got a brightly glowing long sword {god gift}
 12563 | D:12     | Identified the +7 long sword of Battle {flame, Int+2 Stlth+} (Okawaru gifted it to you on level 12 of the Dungeon)
 12804 | D:13     | Noticed a centaur warrior
 12811 | D:13     | Killed a centaur warrior
 12836 | D:13     | Noticed Rupert
 12851 | D:13     | Slain by Rupert

Skill      XL: |  1  2  3  4  5  6  7  8  9 10 11 12 |
---------------+-------------------------------------+-----
Fighting       | 4 5 7 8 10 | 10.6
Shields        | 4 5 6 7 9 11 12 13 | 13.7
Armour         | 4 5 6 7 8 9 10 11 | 11.3
Long Blades    | 3 4 5 6 8 10 11 12 | 12.5
Dodging        | 1 2 4 5 6 |  6.3
Invocations    | 1 |  1.9
Stealth        | 1 |  1.0
Evocations     | |  0.3

Action                   |  1- 3 |  4- 6 |  7- 9 | 10-12 || total
-------------------------+-------+-------+-------+-------++-------
Melee: Long sword        |    88 |   133 |   295 |    45 ||   561
       Headbutt          |    11 |    25 |   107 |   148 ||   291
       Scimitar          |       |       |   234 |   611 ||   845
Invok: Heroism           |       |       |     2 |    14 ||    16
Evoke: Wand              |       |       |       |     1 ||     1
  Use: Scroll            |       |     9 |     5 |    11 ||    25
       Potion            |       |       |       |     3 ||     3
  Eat: Chunk             |       |     5 |    15 |    20 ||    40
       Pizza             |       |       |     1 |       ||     1
Armor: Scale mail        |    72 |    45 |    41 |       ||   158
       Chain mail        |       |       |   241 |    10 ||   251
       Skin              |       |       |     1 |       ||     1
       Plate armour      |       |       |       |   287 ||   287
Dodge: Dodged            |    41 |    35 |   178 |   178 ||   432
Block: Shield            |    58 |    60 |   341 |   443 ||   902
